 Dungeon Crawl Stone Soup version 0.28.0-43-g3370ac3207 (webtiles) character file.

Game seed: 5944401950179407984

350 pkoi the Shield-Bearer (level 6, -7/78 HPs)
             Began as a Demigod Fighter on Mar 25, 2022.
             Killed from afar by a steam dragon (11 damage)
             ... with a ball of steam
             ... on level 4 of the Dungeon.
             The game lasted 00:03:27 (3980 turns).

pkoi the Shield-Bearer (Demigod Fighter)            Turns: 3980, Time: 00:03:27

Health: -7/78      AC: 10    Str: 17    XL:     6   Next: 11%
Magic:  8/8        EV: 10    Int: 18    God:
Gold:   104        SH:  5    Dex: 13    Spells: 5/5 levels left

rFire   . . .      SeeInvis .   h - +3 short sword (drain)
rCold   . . .      Faith    .   c - +0 buckler
rNeg    + . .      Spirit   .   m - +1 ring mail of Honour {rN+ rCorr}
rPois   .          Reflect  .   j - +0 helmet
rElec   .          Harm     .   i - +0 cloak
rCorr   +          Rampage  .   (no gloves)
Will    .....                   e - +0 pair of boots
Stlth   ..........              (no amulet)
HPRegen 0.23/turn               (no ring)
MPRegen 0.11/turn               (no ring)

@: berserking, very quick
A: high MP 1, forlorn, divine attributes
a: no special abilities


You were on level 4 of the Dungeon.
You visited 1 branch of the dungeon, and saw 4 of its levels.

You collected 104 gold pieces.

Inventory:

Hand Weapons
 a - a +0 long sword
 h - a +3 short sword of draining (weapon)
Armour
 c - a +0 buckler (worn)
 e - a +0 pair of boots (worn)
 i - a +0 cloak (worn)
 j - a +0 helmet (worn)
 m - the +1 ring mail of Honour (worn) {rN+ rCorr}
   (You found it on level 4 of the Dungeon)

   rN:        It protects you from negative energy.
   rCorr:     It protects you from acid and corrosion.
 n - a +0 plate armour
Jewellery
 g - an amulet of the acrobat
Scrolls
 b - 2 scrolls of identify
 k - a scroll of teleportation
 o - a scroll of fog {unknown}
Potions
 d - 2 potions of might
 f - 2 potions of attraction {unknown}


   Skills:
 + Level 3.6 Fighting
 * Level 3.8 Long Blades
 + Level 3.5 Armour
 * Level 4.3 Shields


You had 5 spell levels left.
You didn't know any spells.
Your spell library contained the following spells:

 Spells                   Type           Power      Damage    Failure   Level
 Fireball                 Conj/Fire      0%         3d3       100%        5
 Iskenderun's Battlesphe  Conj           0%         2d6       100%        5
 Conjure Ball Lightning   Conj/Air       0%         3x3d6     100%        6
 Orb of Destruction       Conj           0%         9d5       100%        7


Dungeon Overview and Level Annotations

Branches:
Dungeon (4/15)
 Temple: D:4-7


Innate Abilities, Weirdness & Mutations

You have an increased reservoir of magic. (+10% MP)
You shall have no god before yourself.
Your divine heritage dramatically boosts your attributes as you level up.


Message History

You are engulfed in a cloud of scalding steam.
* * * LOW HITPOINT WARNING * * *
You block the giant cockroach's attack. The steam dragon breathes steam at you.
The ball of steam hits you!!
* * * LOW HITPOINT WARNING * * *
The giant cockroach closely misses you.
You hear a shout!
You hit the steam dragon.
The steam dragon is lightly wounded.
You block the steam dragon's attack.
The steam dragon claws you but does no damage.
The giant cockroach is engulfed in a cloud of scalding steam.
The giant cockroach dies!
Unknown command.
You hit the steam dragon.
The steam dragon is lightly wounded.
The steam dragon bites you.
* * * LOW HITPOINT WARNING * * *
You block the steam dragon's attack.
Unknown command.
A red film seems to cover your vision as you go berserk!
You feel yourself moving faster!
You feel mighty! The steam dragon bites you.
* * * LOW HITPOINT WARNING * * *
The steam dragon barely misses you.
You puncture the steam dragon!
The steam dragon is heavily wounded.
The steam dragon closely misses you. The steam dragon barely misses you.
You hit the steam dragon.
The steam dragon is heavily wounded.
You hit the steam dragon.
The steam dragon is severely wounded.
The steam dragon bites you but does no damage.
The steam dragon claws you.
* * * LOW HITPOINT WARNING * * *
You hit the steam dragon. You drain the steam dragon.
The steam dragon is severely wounded.
The steam dragon breathes steam at you. The ball of steam hits you!
You die...

....[.##..############...
..........# #..#
........### #..#
..........# #..#
..........# #..#
.......†..# ..........#
.##.#.##.## #... #@# #...
#D†...... #.#. ##.......
.. ....... .#.....
....... .#..... ...#...


You could see a steam dragon (catching breath, drained).

Vanquished Creatures
  An orc priest (D:3)
  Crazy Yiuf (D:3)
  Jessica (D:2)
  2 iguanas (D:3)
  An orc wizard (D:2)
  Robin (D:3)
  3 adders
  3 gnolls (D:4)
  A white imp (D:4)
  5 worms
  A dart slug (D:2)
  9 orcs
  11 endoplasms
  4 giant cockroaches
  16 goblins
  6 hobgoblins
  A jackal (D:3)
  A quokka (D:3)
  7 ball pythons
  6 bats
  4 frilled lizards
  6 kobolds
  5 rats
96 creatures vanquished.

Vanquished Creatures (others)
  A giant cockroach (D:4)
  35 plants (D:3)
36 creatures vanquished.

Grand Total: 132 creatures vanquished

Notes
Turn   | Place    | Note
-------+----------+-------------------------------------------
     0 | D:1      | pkoi the Demigod Fighter began the quest for the Orb.
     0 | D:1      | Reached XP level 1. HP: 18/18 MP: 3/3
   548 | D:1      | Reached XP level 2. HP: 25/25 MP: 4/4
   842 | D:2      | Reached skill level 3 in Shields
  1092 | D:2      | Reached XP level 3. HP: 25/30 MP: 5/5
  1732 | D:2      | Noticed Jessica
  1736 | D:2      | Killed Jessica
  1737 | D:2      | Reached XP level 4. HP: 36/38 MP: 6/6
  2721 | D:3      | Found a runed translucent door.
  2722 | D:3      | Noticed Crazy Yiuf
  2752 | D:3      | Reached XP level 5. HP: 38/45 MP: 7/7
  2916 | D:3      | Noticed Robin
  2952 | D:3      | Killed Robin
  3187 | D:3      | Reached skill level 4 in Shields
  3636 | D:3      | Killed Crazy Yiuf
  3767 | D:4      | Identified the +1 ring mail of Honour {rN+ rCorr}
  3808 | D:4      | Reached XP level 6. HP: 51/51 MP: 8/8
  3967 | D:4      | Noticed a steam dragon
  3980 | D:4      | Killed from afar by a steam dragon

Illustrated notes

Levels and vault maps discovered:
D:1:      giann_horns, layout_basic
D:2:      layout_loops_corners, chequers_ecumenical_altar_simple_redux,
          serial_rivers, chequers_serial_rivers_small_3,
          chequers_serial_rivers_marsh, chequers_serial_rivers_large_b,
          chequers_serial_rivers_small_3, chequers_serial_rivers_micro_c,
          basic_altar, minmay_unequal, uniq_jessica
D:3:      minmay_skewed_foursquare, layout_basic, marbit_many_paths,
          serial_bayou_lagoon_a, uniq_crazy_yiuf_cottage, uniq_robin
D:4:      layout_rooms, mainiacjoe_overflow_catwalk, serial_shops, shop,
          serial_glass, glass_columns_b, glass_columns_c, glass_columns_b,
          dk_vineyard_1, eino_small_chamber_without_monster

Skill      XL: |  1  2  3  4  5 |
---------------+----------------+-----
Long Blades    | 2 3 |  3.8
Shields        | 3 4 |  4.3
Fighting       | 3 |  3.6
Armour         | 3 |  3.5

Action                   |  1- 3 |  4- 6 || total
-------------------------+-------+-------++-------
Melee: Short sword       |    75 |   183 ||   258
       Long sword        |     5 |       ||     5
  Use: Scroll            |       |     5 ||     5
       Potion            |       |     4 ||     4
Armor: Scale mail        |    23 |       ||    23
       Plate armour      |     5 |    89 ||    94
       Ring mail         |       |    10 ||    10
Dodge: Dodged            |    30 |    30 ||    60
Block: Buckler           |    14 |    33 ||    47
